| TOP OF THE 1ST |
|
Bluefield Blue Jays batting - Pitching for Texas (APP) Rangers : LHP Jose Cepero
|
|
Pitching: LHP Jose Cepero
|
|
|
Batting: RHB Stephen Casteel
|
0-0: Called Strike 0-1: Foul Ball, location: 2F 0-2: Strikes out swinging
|
|
Batting: RHB Mike Johnson
|
0-0: Called Strike 0-1: Ball 1-1: Ball 2-1: Ball 3-1: Reached on error, E6 (Groundball, 6, EV 102.5 MPH)
|
|
Batting: RHB Bill Murray
|
0-0: Fielders Choice at 2nd, 6-4 (Groundball, 56, EV 80.6 MPH)
|
|
Batting: RHB Victor Ayala
|
0-0: Called Strike Bill Murray steals 2nd base 0-1: Fly out, F9 (Flyball, 9, EV 92.5 MPH)
|
| Top of the 1st over - 0 runs, 0 hits, 1 error, 1 left on base; Bluefield 0 - Texas (APP) 0 |
| BOTTOM OF THE 1ST |
|
Texas (APP) Rangers batting - Pitching for Bluefield Blue Jays : LHP Nick Burnstein
|
|
Pitching: LHP Nick Burnstein
|
|
|
Batting: SHB Tim Rogers
|
0-0: Ball 1-0: Called Strike 1-1: SINGLE (Groundball, 4MD, EV 104.4 MPH)
|
|
Batting: RHB Sal Cervantes
|
0-0: Ball 1-0: Grounds into double play, 4-6-3 (Groundball, 34, EV 104.4 MPH)
|
|
Batting: LHB Tomoya Hashimoto
|
0-0: Ball 1-0: Foul Ball, location: 2F 1-1: Ball 2-1: Ball 3-1: Base on Balls
|
|
Batting: RHB Bryan Wheeler
|
0-0: Ground out 4-3 (Groundball, 4S, EV 68.1 MPH)
|
| Bottom of the 1st over - 0 runs, 1 hit, 0 errors, 1 left on base; Bluefield 0 - Texas (APP) 0 |
| TOP OF THE 2ND |
|
Bluefield Blue Jays batting - Pitching for Texas (APP) Rangers : LHP Jose Cepero
|
|
Batting: LHB Kurt Estep
|
0-0: SINGLE (Flyball, 89S, EV 90.0 MPH)
|
|
Batting: RHB Dan Muns
|
0-0: Ball 1-0: Swinging Strike 1-1: Ball 2-1: DOUBLE (Groundball, 5L, EV 104.4 MPH) Kurt Estep to third
|
|
Batting: RHB Shunsuke Shiba Inu
|
0-0: Swinging Strike 0-1: Called Strike 0-2: Strikes out swinging
|
|
Batting: LHB Eric Toney
|
0-0: Ball 1-0: Foul Ball, location: 2F 1-1: Fly out, F8 (Flyball, 8RM, EV 78.1 MPH) Runner from 3rd tags up, SCORES, throw by CF
|
|
Batting: SHB Dominik Hasek II
|
0-0: Called Strike 0-1: Ground out 5-3 (Groundball, 56S, EV 88.8 MPH)
|
| Top of the 2nd over - 1 run, 2 hits, 0 errors, 1 left on base; Bluefield 1 - Texas (APP) 0 |
| BOTTOM OF THE 2ND |
|
Texas (APP) Rangers batting - Pitching for Bluefield Blue Jays : LHP Nick Burnstein
|
|
Batting: RHB Shawn Weber
|
0-0: Called Strike 0-1: Ball 1-1: Foul Ball, location: 2F 1-2: Ball 2-2: SINGLE (Line Drive, 9S, EV 105.6 MPH)
|
|
Batting: RHB Luis Solorzano
|
0-0: Ball 1-0: Grounds into double play, 4-6-3 (Groundball, 4, EV 104.4 MPH)
|
|
Batting: RHB Sebastian Fisk
|
0-0: Ball 1-0: Ball 2-0: Ball 3-0: Base on Balls
|
|
Batting: SHB Albert Ortiz
|
0-0: Called Strike Sebastian Fisk is caught stealing 2nd base 2-4
|
| Bottom of the 2nd over - 0 runs, 1 hit, 0 errors, 0 left on base; Bluefield 1 - Texas (APP) 0 |
| TOP OF THE 3RD |
|
Bluefield Blue Jays batting - Pitching for Texas (APP) Rangers : LHP Jose Cepero
|
|
Batting: RHB Stephen Casteel
|
0-0: Ball 1-0: Swinging Strike 1-1: Foul Ball, location: 2F 1-2: Foul Ball, location: 2F 1-2: Strikes out swinging
|
|
Batting: RHB Mike Johnson
|
0-0: Ball 1-0: Ball 2-0: Ball 3-0: Base on Balls
|
|
Batting: RHB Bill Murray
|
0-0: Called Strike 0-1: Ball 1-1: Swinging Strike 1-2: Foul Ball, location: 2F 1-2: Ball 2-2: Foul Ball, location: 2F 2-2: Ball 3-2: Strikes out swinging
|
|
Batting: RHB Victor Ayala
|
0-0: Swinging Strike 0-1: Ball 1-1: Ball Mike Johnson steals 2nd base 2-1: Ground out 6-3 (Groundball, 6D, EV 90.0 MPH)
|
| Top of the 3rd over - 0 runs, 0 hits, 0 errors, 1 left on base; Bluefield 1 - Texas (APP) 0 |
| BOTTOM OF THE 3RD |
|
Texas (APP) Rangers batting - Pitching for Bluefield Blue Jays : LHP Nick Burnstein
|
|
Batting: SHB Albert Ortiz
|
0-0: Called Strike 0-1: Called Strike 0-2: Strikes out looking
|
|
Batting: LHB Jose Cepero
|
0-0: Called Strike 0-1: Foul Ball, location: 2F 0-2: Hit by Pitch
|
|
Batting: SHB Tim Rogers
|
0-0: Foul Ball, location: 2F 0-1: Ball 1-1: Ball 2-1: Ball 3-1: Base on Balls Jose Cepero to second
|
|
Batting: RHB Sal Cervantes
|
0-0: Called Strike 0-1: Foul Ball, location: 2F 0-2: Strikes out looking
|
|
Batting: LHB Tomoya Hashimoto
|
0-0: Swinging Strike 0-1: Foul Ball, location: 2F 0-2: Ball 1-2: Ball 2-2: Ball 3-2: Strikes out swinging
|
| Bottom of the 3rd over - 0 runs, 0 hits, 0 errors, 2 left on base; Bluefield 1 - Texas (APP) 0 |
| TOP OF THE 4TH |
|
Bluefield Blue Jays batting - Pitching for Texas (APP) Rangers : LHP Jose Cepero
|
|
Batting: LHB Kurt Estep
|
0-0: Ball 1-0: Ball 2-0: Called Strike 2-1: Ball 3-1: Foul Ball, location: 2F 3-2: Base on Balls
|
|
Batting: RHB Dan Muns
|
0-0: Called Strike Kurt Estep steals 2nd, throwing error, E2 Kurt Estep to third 0-1: Ball Passed Ball! Kurt Estep scores 1-1: DOUBLE (Line Drive, 78M, EV 112.5 MPH)
|
|
Batting: RHB Shunsuke Shiba Inu
|
0-0: Ball 1-0: Ball 2-0: Foul Ball, location: 2F 2-1: Swinging Strike 2-2: Strikes out swinging
|
|
Batting: LHB Eric Toney
|
0-0: Ball 1-0: Ball 2-0: Swinging Strike 2-1: Ball 3-1: Foul Ball, location: 2F 3-2: Foul Ball, location: 2F 3-2: Foul Ball, location: 2F 3-2: Strikes out swinging
|
|
Batting: SHB Dominik Hasek II
|
0-0: Ball 1-0: Called Strike 1-1: Ball 2-1: Swinging Strike 2-2: Foul Ball, location: 2F 2-2: Ball 3-2: Foul Ball, location: 2F 3-2: Foul Ball, location: 2F 3-2: TRIPLE (Flyball, 78XD, EV 99.4 MPH) Dan Muns scores
|
|
Batting: RHB Stephen Casteel
|
0-0: Fly out, F1 (Line Drive, P, EV 68.8 MPH)
|
| Top of the 4th over - 2 runs, 2 hits, 1 error, 1 left on base; Bluefield 3 - Texas (APP) 0 |
| BOTTOM OF THE 4TH |
|
Texas (APP) Rangers batting - Pitching for Bluefield Blue Jays : LHP Nick Burnstein
|
|
Batting: RHB Bryan Wheeler
|
0-0: Ball 1-0: Ground out 3-1 (Groundball, 34, EV 78.8 MPH)
|
|
Batting: RHB Shawn Weber
|
0-0: Foul Ball, location: 2F 0-1: Called Strike 0-2: Foul Ball, location: 2F 0-2: Fly out, F9 (Line Drive, 9LM, EV 89.4 MPH)
|
|
Batting: RHB Luis Solorzano
|
0-0: Ball 1-0: Called Strike 1-1: Ball 2-1: Ball 3-1: Base on Balls
|
|
Batting: RHB Sebastian Fisk
|
0-0: Fly out, F9 (Flyball, 9LM, EV 90.0 MPH)
|
| Bottom of the 4th over - 0 runs, 0 hits, 0 errors, 1 left on base; Bluefield 3 - Texas (APP) 0 |
| TOP OF THE 5TH |
|
Bluefield Blue Jays batting - Pitching for Texas (APP) Rangers : LHP Jose Cepero
|
|
Batting: RHB Mike Johnson
|
0-0: Called Strike 0-1: Ball 1-1: SINGLE (Groundball, 56D, EV 98.8 MPH)
|
|
Batting: RHB Bill Murray
|
0-0: Ball 1-0: Called Strike 1-1: Called Strike 1-2: Ball 2-2: Ball 3-2: Base on Balls Mike Johnson to second
|
|
Batting: RHB Victor Ayala
|
0-0: Ball 1-0: Swinging Strike 1-1: SINGLE (Line Drive, 56D, EV 95.6 MPH) Mike Johnson to third Bill Murray to second Runner from 3rd tries for Home, SAFE, throw by LF to home
|
|
Batting: LHB Kurt Estep
|
0-0: Ball 1-0: Called Strike 1-1: Fielders Choice at 2nd, 3-6 (Groundball, 3, EV 88.8 MPH) Bill Murray to third
|
|
Batting: RHB Dan Muns
|
0-0: Called Strike 0-1: Called Strike Kurt Estep is caught stealing 2nd base 2-4 0-2: SINGLE (Groundball, 4S, EV 69.4 MPH) (infield hit) Bill Murray scores
|
|
Batting: RHB Shunsuke Shiba Inu
|
0-0: Ball Dan Muns steals 2nd base 1-0: Fly out, F8 (Flyball, 8LD, EV 100.6 MPH)
|
| Top of the 5th over - 2 runs, 3 hits, 0 errors, 1 left on base; Bluefield 5 - Texas (APP) 0 |
| BOTTOM OF THE 5TH |
|
Texas (APP) Rangers batting - Pitching for Bluefield Blue Jays : LHP Nick Burnstein
|
|
Batting: SHB Albert Ortiz
|
0-0: Foul Ball, location: 2F 0-1: Called Strike 0-2: Ball 1-2: Strikes out swinging
|
|
Batting: LHB Jose Cepero
|
0-0: Ball 1-0: Ball 2-0: Swinging Strike 2-1: Ball 3-1: Foul Ball, location: 2F 3-2: Foul Ball, location: 2F 3-2: Base on Balls
|
|
Batting: SHB Tim Rogers
|
0-0: Called Strike 0-1: Called Strike 0-2: Strikes out looking
|
|
Batting: RHB Sal Cervantes
|
0-0: Fielders Choice at 2nd, 5-4 (Groundball, 5L, EV 91.9 MPH)
|
| Bottom of the 5th over - 0 runs, 0 hits, 0 errors, 1 left on base; Bluefield 5 - Texas (APP) 0 |
| TOP OF THE 6TH |
|
Bluefield Blue Jays batting - Pitching for Texas (APP) Rangers : LHP Jose Cepero
|
|
Batting: LHB Eric Toney
|
0-0: Ball 1-0: Ball 2-0: Ball 3-0: Called Strike 3-1: Called Strike 3-2: Fly out, F9 (Line Drive, 89M, EV 98.1 MPH)
|
|
Pitching: LHP Alex Boites
|
|
|
Batting: SHB Dominik Hasek II
|
0-0: Ball 1-0: Called Strike 1-1: Swinging Strike 1-2: Strikes out looking
|
|
Batting: RHB Stephen Casteel
|
0-0: Swinging Strike 0-1: Swinging Strike 0-2: Strikes out swinging
|
| Top of the 6th over - 0 runs, 0 hits, 0 errors, 0 left on base; Bluefield 5 - Texas (APP) 0 |
| BOTTOM OF THE 6TH |
|
Texas (APP) Rangers batting - Pitching for Bluefield Blue Jays : LHP Nick Burnstein
|
|
Batting: LHB Tomoya Hashimoto
|
0-0: Swinging Strike 0-1: Foul Ball, location: 2F 0-2: Ground out 4-3 (Groundball, 4S, EV 86.2 MPH)
|
|
Batting: RHB Bryan Wheeler
|
0-0: Called Strike 0-1: Ball 1-1: Swinging Strike 1-2: Strikes out swinging
|
|
Batting: RHB Shawn Weber
|
0-0: Called Strike 0-1: Ball 1-1: Swinging Strike 1-2: Hit by Pitch
|
|
Batting: RHB Luis Solorzano
|
0-0: SINGLE (Line Drive, 8RS, EV 112.5 MPH) Shawn Weber to second
|
|
Batting: RHB Sebastian Fisk
|
0-0: Ball 1-0: 3-RUN HOME RUN (Flyball, 78XD, EV 105.6 MPH), Distance : 402 ft
|
|
Batting: SHB Albert Ortiz
|
0-0: Called Strike 0-1: Foul Ball, location: 2F 0-2: Ball 1-2: Foul Ball, location: 2F 1-2: Ball 2-2: Ball 3-2: Base on Balls
|
|
Batting: LHB Jose Cepero
|
0-0: Swinging Strike 0-1: Foul Ball, location: 2F 0-2: Ball 1-2: Ball 2-2: Ball 3-2: Strikes out swinging
|
| Bottom of the 6th over - 3 runs, 2 hits, 0 errors, 1 left on base; Bluefield 5 - Texas (APP) 3 |
| TOP OF THE 7TH |
|
Bluefield Blue Jays batting - Pitching for Texas (APP) Rangers : LHP Alex Boites
|
|
Batting: RHB Mike Johnson
|
0-0: Foul Ball, location: 2F 0-1: Swinging Strike 0-2: Strikes out looking
|
|
Batting: RHB Bill Murray
|
0-0: Ball 1-0: Ball 2-0: Ball 3-0: Fly out, F8 (Flyball, 8LD, EV 93.1 MPH)
|
|
Batting: RHB Victor Ayala
|
0-0: Ball 1-0: Ball 2-0: Ball 3-0: Foul Ball, location: 2F 3-1: Fly out, F8 (Flyball, 89M, EV 81.9 MPH)
|
| Top of the 7th over - 0 runs, 0 hits, 0 errors, 0 left on base; Bluefield 5 - Texas (APP) 3 |
| BOTTOM OF THE 7TH |
|
Texas (APP) Rangers batting - Pitching for Bluefield Blue Jays : LHP Nick Burnstein
|
|
Batting: SHB Tim Rogers
|
0-0: Ball 1-0: Ball 2-0: Ball 3-0: Base on Balls
|
|
Batting: RHB Sal Cervantes
|
0-0: Bunted foul 0-1: Bunt missed! 0-2: Ball 1-2: Ball 2-2: Foul Ball, location: 2F 2-2: Ball 3-2: Base on Balls Tim Rogers to second
|
|
Pitching: RHP Chris Kroesen
|
|
|
Batting: LHB Tomoya Hashimoto
|
0-0: Ball 1-0: Foul Ball, location: 2F 1-1: Swinging Strike 1-2: Ball 2-2: Ball 3-2: Fly out, F7 (Line Drive, 78M, EV 91.2 MPH)
|
|
Batting: RHB Bryan Wheeler
|
0-0: Called Strike Tim Rogers steals 3rd base Sal Cervantes to second 0-1: Foul Ball, location: 2F 0-2: Ball 1-2: Strikes out swinging
|
|
Batting: RHB Shawn Weber
|
0-0: Ball 1-0: Called Strike 1-1: Ground out 6-3 (Groundball, 6, EV 90.6 MPH)
|
| Bottom of the 7th over - 0 runs, 0 hits, 0 errors, 2 left on base; Bluefield 5 - Texas (APP) 3 |
| TOP OF THE 8TH |
|
Bluefield Blue Jays batting - Pitching for Texas (APP) Rangers : LHP Alex Boites
|
|
Batting: LHB Kurt Estep
|
0-0: Ball 1-0: Swinging Strike 1-1: Swinging Strike 1-2: Strikes out swinging
|
|
Batting: RHB Dan Muns
|
0-0: Called Strike 0-1: Foul Ball, location: 2F 0-2: Ball 1-2: Ball 2-2: Strikes out swinging
|
|
Batting: RHB Shunsuke Shiba Inu
|
0-0: Ball 1-0: Fly out, F9 (Flyball, 9LM, EV 91.2 MPH)
|
| Top of the 8th over - 0 runs, 0 hits, 0 errors, 0 left on base; Bluefield 5 - Texas (APP) 3 |
| BOTTOM OF THE 8TH |
|
Texas (APP) Rangers batting - Pitching for Bluefield Blue Jays : RHP Chris Kroesen
|
|
Batting: RHB Luis Solorzano
|
0-0: Ball 1-0: Ball 2-0: Called Strike 2-1: Called Strike 2-2: Ball 3-2: Base on Balls
|
|
Batting: RHB Sebastian Fisk
|
0-0: Ball 1-0: Swinging Strike 1-1: Swinging Strike 1-2: Ball 2-2: Ball 3-2: Strikes out looking
|
|
Batting: SHB Albert Ortiz
|
0-0: Ball 1-0: Ball 2-0: Fielders Choice at 2nd, 4-6 (Groundball, 4M, EV 85.6 MPH)
|
|
Batting: LHB Bobby Scott
|
0-0: Ball 1-0: Swinging Strike 1-1: Foul Ball, location: 2F 1-2: Ball 2-2: Strikes out swinging
|
| Bottom of the 8th over - 0 runs, 0 hits, 0 errors, 1 left on base; Bluefield 5 - Texas (APP) 3 |
| TOP OF THE 9TH |
|
Bluefield Blue Jays batting - Pitching for Texas (APP) Rangers : LHP Alex Boites
|
|
Batting: LHB Eric Toney
|
0-0: Ball 1-0: Foul Ball, location: 2F 1-1: Swinging Strike 1-2: Ball 2-2: Strikes out swinging
|
|
Batting: SHB Dominik Hasek II
|
0-0: Called Strike 0-1: Ball 1-1: Foul Ball, location: 2F 1-2: Ball 2-2: Strikes out swinging
|
|
Pitching: RHP Brad Sanchez
|
|
|
Batting: RHB Stephen Casteel
|
0-0: Ball 1-0: Swinging Strike 1-1: Ball 2-1: Foul Ball, location: 2F 2-2: Foul Ball, location: 2F 2-2: Strikes out swinging
|
| Top of the 9th over - 0 runs, 0 hits, 0 errors, 0 left on base; Bluefield 5 - Texas (APP) 3 |
| BOTTOM OF THE 9TH |
|
Texas (APP) Rangers batting - Pitching for Bluefield Blue Jays : RHP Chris Kroesen
|
|
Pitching: RHP Oswaldo Vasquez
|
|
|
Batting: SHB Tim Rogers
|
0-0: Ball 1-0: Ball 2-0: Called Strike 2-1: SINGLE (Line Drive, 89S, EV 93.1 MPH)
|
|
Batting: RHB Sal Cervantes
|
0-0: DOUBLE (Groundball, 5L, EV 105.6 MPH) Tim Rogers to third
|
|
Batting: LHB Tomoya Hashimoto
|
0-0: Called Strike 0-1: Called Strike 0-2: DOUBLE (Groundball, 3L, EV 103.1 MPH) Tim Rogers scores Sal Cervantes scores
|
|
Batting: RHB Bryan Wheeler
|
0-0: Ball 1-0: Foul Ball, location: 2F 1-1: Called Strike 1-2: Strikes out swinging
|
|
Batting: RHB Shawn Weber
|
0-0: Ground out 6-3 (Groundball, 6, EV 90.0 MPH)
|
|
Batting: RHB Luis Solorzano
|
0-0: Ball 1-0: DOUBLE (Flyball, 78D, EV 103.1 MPH) Tomoya Hashimoto scores
|
| Bottom of the 9th over - 3 runs, 4 hits, 0 errors, 1 left on base; Bluefield 5 - Texas (APP) 6 |
|